 Dungeon Crawl Stone Soup version 0.29.1-1-gd02db6906a (webtiles) character file.

Game seed: 10458462932311181935

140 Earthwalker the Covered (level 5, -4/46 HPs)
             Began as a Minotaur Fighter on Oct 9, 2022.
             Killed from afar by Sigmund (7 damage)
             ... with a magic dart
             ... on level 3 of the Dungeon.
             The game lasted 00:09:46 (2535 turns).

Earthwalker the Covered (Minotaur Fighter)          Turns: 2535, Time: 00:09:47

Health: -4/46      AC:  7    Str: 20    XL:     5   Next: 2%
Magic:  4/4        EV:  9    Int:  5    God:
Gold:   168        SH:  5    Dex: 12    Spells: 4/4 levels left

rFire   . . .      SeeInvis .   a - +0 trident
rCold   . . .      Faith    .   c - +0 buckler
rNeg    . . .      Spirit   .   b - +0 scale mail
rPois   .          Reflect  .   (helmet restricted)
rElec   .          Harm     .   (no cloak)
rCorr   .          Rampage  .   (no gloves)
Will    .....                   (no boots)
Stlth   ..........              (no amulet)
HPRegen 0.15/turn               (no ring)
MPRegen 0.09/turn               (no ring)

@: studying Armour
A: horns 2, retaliatory headbutt
a: no special abilities


You were on level 3 of the Dungeon.
You visited 1 branch of the dungeon, and saw 4 of its levels.

You collected 168 gold pieces.

Inventory:

Hand Weapons
 a - a +0 trident (weapon)
Missiles
 k - 14 poisoned darts (quivered)
 u - 4 boomerangs
Armour
 b - a +0 scale mail (worn)
 c - a +0 buckler (worn)
 r - a +0 ring mail of cold resistance
 s - a +0 cloak
Scrolls
 g - a scroll of vulnerability
 h - 2 scrolls of identify
 n - 2 scrolls of amnesia {unknown}
 t - a scroll of teleportation {unknown}
Potions
 d - a potion of might
 e - 4 potions of curing
 f - 2 potions of invisibility {unknown}
 i - 2 potions of attraction {unknown}
 j - a potion of berserk rage {unknown}
 l - a potion of ambrosia {unknown}
 m - a potion of brilliance {unknown}
 o - a potion of degeneration {unknown}
 p - 3 potions of flight {unknown}
 q - a potion of lignification {unknown}


   Skills:
 * Level 4.2 Fighting
 * Level 3.6 Polearms
 * Level 4.5 Armour
 * Level 1.2 Dodging
 * Level 1.2 Stealth
 * Level 4.4 Shields


You had 4 spell levels left.
You didn't know any spells.
Your spell library contained the following spells:

 Spells                   Type           Power      Damage    Failure   Level
 Sting                    Tmut/Pois      0%         1d3       88%         1
 Poisonous Vapours        Pois/Air       0%         N/A       96%         2
 Portal Projectile        Hex/Tloc       0%         N/A       99%         3
 Tukima's Dance           Hex            0%         N/A       99%         3
 Olgreb's Toxic Radiance  Pois           0%         N/A       100%        4
 Blade Hands              Tmut           0%         N/A       100%        5


Dungeon Overview and Level Annotations

Branches:
Dungeon (4/15)
 Temple: D:4-7

Altars:
Gozag
Xom

Shops:
D:2 :

Annotations:
D:3 Sigmund


Innate Abilities, Weirdness & Mutations

You have a pair of horns on your head.
You reflexively headbutt those who attack you in melee.


Message History

The floor.
Reach: a) +0 trident
Press: ? - help, Dir - move target, f - Sigmund
Aim: Sigmund, wielding a +0 scythe and wearing a +0 robe (about 45% to evade your +0 trident)
You reach to attack!
You hit Sigmund.
Sigmund is lightly wounded.
Sigmund barely misses you.
Reach: a) +0 trident
Press: ? - help, Dir - move target, f/p - Sigmund
Aim: Sigmund, wielding a +0 scythe and wearing a +0 robe (lightly wounded, about 45% to evade your +0 trident)
You reach to attack!
You barely miss Sigmund.
Sigmund is lightly wounded.
Sigmund casts a spell at you.
You are confused.
You bump into the rock wall.
Sigmund closely misses you.
Sigmund gestures wildly while chanting.
Sigmund flickers and vanishes!
Deactivating autopickup; reactivate with Ctrl-A.
You bump into the rock wall.
Something hits you.
You bump into the rock wall.
You bump into the rock wall.
You feel less confused. Something hits you! Something hits you.
Something hits you! Something hits you!
You barely miss something. You headbutt something. You miss something.
You headbutt something. Something hits you but does no damage.
You closely miss something. You headbutt something. Something hits you!
* * * LOW HITPOINT WARNING * * *
You miss something. Something hits you.
* * * LOW HITPOINT WARNING * * *
You hit something. You puncture something!
You hear some strange, mumbled words.
A magic dart appears from out of thin air!
The magic dart hits you!
You die...

##### #...# ###########...#
##############.............#
.............#.#########...#
.###########.#.# #.### .#
#....#.#.# #.# .#
#.##.#.#.#########.########
.#
#.#......{@................
.#
#......#.#########.########
.########....#.# #.#
............<).### #.#
.########.##.....#######.####
.# #>..'......).........# .#
#####(....##########.### .#
#.....# #...## .# #.....#
###..#


There were no monsters in sight!

Vanquished Creatures
  An orc priest (D:3)
  Terence (D:2)
  2 adders
  A dart slug (D:1)
  7 orcs (D:3)
  10 ball pythons
  A bat (D:1)
  5 endoplasms
  2 giant cockroaches
  10 goblins
  3 hobgoblins
  2 jackals (D:3)
  5 frilled lizards
  2 kobolds
  7 rats
59 creatures vanquished.

Notes
Turn   | Place    | Note
-------+----------+-------------------------------------------
     0 | D:1      | Earthwalker the Minotaur Fighter began the quest for the
                  | Orb.
     0 | D:1      | Reached XP level 1. HP: 19/19 MP: 0/0
    81 | D:1      | Reached XP level 2. HP: 27/27 MP: 1/1
   401 | D:2      | Noticed Terence
   409 | D:2      | Killed Terence
   410 | D:2      | Reached XP level 3. HP: 33/33 MP: 2/2
   477 | D:1      | Found a faded altar of an unknown god.
  1019 | D:2      | Found a shimmering altar of Xom.
  1205 | D:2      | Found Isa Luti's Book Shoppe.
  1296 | D:2      | Reached XP level 4. HP: 30/40 MP: 3/3
  1389 | D:2      | Reached skill level 1 in Dodging
  1581 | D:3      | Reached skill level 1 in Stealth
  1888 | D:4      | Noticed a black bear
  2088 | D:3      | Noticed Sigmund
  2115 | D:2      | Identified a scroll of acquirement
  2115 | D:2      | Acquired a manual of Armour
  2133 | D:3      | Found an opulent altar of Gozag.
  2307 | D:3      | Reached XP level 5. HP: 46/46 MP: 4/4
  2533 | D:3      | HP: 2/46 [something (2)]
  2535 | D:3      | Killed from afar by Sigmund

Illustrated notes

Levels and vault maps discovered:
D:1:      shiori_arrival_maze, layout_basic, serial_corexii_hall,
          chequers_hall_statues_corner_a, corexii_hall_statues_l,
          ebering_ecumenical_altar_petrified
D:2:      layout_loops_ring, basic_altar, serial_shops,
          nicolae_shop_statue_plus, uniq_terence
D:3:      layout_basic, lemuel_round_altar, uniq_sigmund
D:4:      layout_loops_cross, nicolae_ru_sacrificial_ziggurat,
          marbit_many_paths, minmay_temple_entry_statues_fountains, uniq_duvessa

Skill      XL: |  1  2  3  4 |
---------------+-------------+-----
Fighting       | 4 |  4.2
Armour         | 4 |  4.5
Shields        | 4 |  4.4
Polearms       | 3 |  3.6
Dodging        | 1 |  1.2
Stealth        | 1 |  1.2

Action                   |  1- 3 |  4- 6 || total
-------------------------+-------+-------++-------
Melee: Trident           |    72 |    53 ||   125
       Headbutt          |    14 |     8 ||    22
  Use: Scroll            |       |     4 ||     4
Armor: Scale mail        |    29 |    13 ||    42
Dodge: Dodged            |    26 |    15 ||    41
Block: Buckler           |    12 |     7 ||    19
